 Dungeon Crawl Stone Soup version 0.23-a0-307-gc3b755d (webtiles) character file.

268 galech the Shield-Bearer (level 6, 32/48 HPs)
             Began as a Demonspawn Fighter on Oct 10, 2018.
             Quit the game on level 3 of the Dungeon.
             The game lasted 00:02:33 (1536 turns).

galech the Shield-Bearer (Demonspawn Fighter)       Turns: 1536, Time: 00:02:34

Health: 32/48      AC:  8    Str: 16    XL:     6   Next: 1%
Magic:  6/6        EV:  7    Int: 10    God:
Gold:   100        SH:  9    Dex: 14    Spells: 5/5 levels left

rFire    + . .     SeeInvis +   a - +0 war axe
rCold    x . .     Gourm    .   c - +0 shield
rNeg     . . .     Faith    .   b - +0 scale mail
rPois    .         Spirit   .   (no helmet)
rElec    .         Reflect  .   (no cloak)
rCorr    .         Harm     .   (no gloves)
MR       .....                  m - +0 pair of boots
Stlth    ..........             (no amulet)
HPRegen  1.16/turn              k - ring of fire
MPRegen  0.10/turn              o - ring of see invisible

@: mildly poisoned (32 -> 32)
A: claws 1, talons 1, powered by death 1
a: no special abilities


You were on level 3 of the Dungeon.
You were not hungry.

You visited 1 branch of the dungeon, and saw 3 of its levels.

You collected 100 gold pieces.

Inventory:

Hand Weapons
 a - a +0 war axe (weapon)
Armour
 b - a +0 scale mail (worn)
 c - a +0 shield (worn)
 m - a +0 pair of boots (worn)
Jewellery
 k - a ring of fire (left claw)
 o - a ring of see invisible (right claw)
Scrolls
 e - a scroll of remove curse
 h - 2 scrolls of blinking
 l - a scroll of immolation {unknown}
 p - a scroll of enchant armour {unknown}
 q - a scroll of noise {unknown}
 s - a scroll of enchant weapon {unknown}
 t - a scroll of teleportation {unknown}
Potions
 d - 2 potions of might
 i - 2 potions of degeneration {unknown}
 j - a potion of heal wounds {unknown}
 n - a potion of ambrosia {unknown}
 r - a potion of brilliance {unknown}
 u - a potion of curing {unknown}
Comestibles
 f - 4 rations
 g - a chunk of flesh


   Skills:
 + Level 3.7 Fighting
 + Level 3.6 Axes
 + Level 3.5 Armour
 + Level 0.7 Dodging
 + Level 3.9 Shields


You had 5 spell levels left.
You didn't know any spells.
Your spell library was empty.

Dungeon Overview and Level Annotations

Branches:
Dungeon (3/15)

Altars:
Dithmenos
Gozag
The Shining One


Innate Abilities, Weirdness & Mutations

You have sharp fingernails.
You have sharp toenails.
You regenerate a little health from kills.


Message History

The adder is severely wounded.
You feel sick. The adder barely misses you.
You closely miss the adder.
The adder is severely wounded.
You block the adder's attack. The adder bites you.
You barely miss the adder.
The adder is severely wounded.
You feel sick. You block the adder's attack. x2
You closely miss the adder.
The adder is severely wounded.
You feel sick. The adder bites you but does no damage.
You block the adder's attack.
You slash the adder!
You kill the adder!
You have reached level 6!
Your experience leads to an increase in your attributes!
Increase (S)trength, (I)ntelligence, or (D)exterity?
You feel agile.
Your demonic ancestry asserts itself...
Your fingernails lengthen.
Are you sure you want to abandon this character and quit the game? (Confirm

#.........#####........
..........'.......#####
..........#####........
....####..# #....####
.... #..# #....# ###
#..# #....# #..# #....#
#..# #....# #.@# #+##<#
#..# ### #... #.##. #..
.. #.# .. #. #.. #. ...


There were no monsters in sight!

Vanquished Creatures
  Sigmund (D:2)
  Jessica (D:2)
  4 adders
  2 oozes (D:2)
  A dart slug (D:2)
  2 leopard geckos (D:1)
  4 giant cockroaches
  7 goblins
  2 hobgoblins (D:2)
  2 jackals (D:2)
  8 kobolds
  5 bats
  2 frilled lizards (D:2)
  6 rats
47 creatures vanquished.

Notes
Turn   | Place    | Note
-------+----------+-------------------------------------------
     0 | D:1      | galech the Demonspawn Fighter began the quest for the Orb.
     0 | D:1      | Reached XP level 1. HP: 18/18 MP: 1/1
   329 | D:1      | Gained mutation: You regenerate a little health from kills.
                  | [demonic ancestry]
   329 | D:1      | Reached XP level 2. HP: 24/24 MP: 2/2
   827 | D:2      | Gained mutation: You have sharp toenails. [demonic
                  | ancestry]
   827 | D:2      | Reached XP level 3. HP: 21/29 MP: 3/3
   882 | D:2      | Found a shadowy altar of Dithmenos.
  1118 | D:2      | Found a glowing golden altar of the Shining One.
  1118 | D:2      | Found an opulent altar of Gozag.
  1168 | D:2      | Noticed Sigmund
  1179 | D:2      | Killed Sigmund
  1179 | D:2      | Reached XP level 4. HP: 15/37 MP: 4/4
  1179 | D:2      | Reached XP level 5. HP: 17/42 MP: 5/5
  1372 | D:2      | Noticed Jessica
  1376 | D:2      | Killed Jessica
  1535 | D:3      | Gained mutation: You have sharp fingernails. [demonic
                  | ancestry]
  1535 | D:3      | Reached XP level 6. HP: 30/48 MP: 6/6
  1536 | D:3      | Quit the game

Vault maps used:
D:1:      lightli_iron_boxes
D:2:      grunt_dithmenos_smoke_and_mirrors, gammafunk_temple_overflow_elements,
          minmay_misc_feat_rows, uniq_sigmund, uniq_jessica
D:3:      mumra_celtic_spiral_tile, vehumet_crystals,
          cheibrodos_sewer_entry_drain, dk_vineyard_2

Skill      XL: |  1  2  3 |
---------------+----------+-----
Shields        | 3 |  3.9
Axes           | 2 3 |  3.6
Armour         | 3 |  3.5
Fighting       | |  3.7
Dodging        | |  0.7

Action                   |  1- 3 |  4- 6 || total
-------------------------+-------+-------++-------
Melee: War axe           |   101 |    35 ||   136
       Kick              |    11 |     6 ||    17
  Use: Scroll            |       |     2 ||     2
  Eat: Chunk             |     1 |     1 ||     2
Armor: Scale mail        |    50 |    14 ||    64
Dodge: Dodged            |    36 |    16 ||    52
Block: Shield            |    56 |    20 ||    76

Table legend:
 A = Non-vault XP
 B = Vault XP
 C = Vault XP percentage of total XP
 D = Non-vault monster count
 E = Vault monster count
 F = Vault count percentage of total count
                 A         B        C        D         E       F
            +---------+---------+-------+---------+---------+-------
      Total |     135 |     249 |  64.8 |      45 |       2 |   4.3
            +---------+---------+-------+---------+---------+-------
        D:1 |      31 |       0 |   0.0 |      18 |       0 |   0.0
        D:2 |      91 |     249 |  73.2 |      26 |       2 |   7.1
        D:3 |      13 |       0 |   0.0 |       1 |       0 |   0.0
            +---------+---------+-------+---------+---------+-------
